 Dungeon Crawl Stone Soup version 0.30-a0-305-g026cb31310 (webtiles) character file.

Game seed: 10960088803514636244

4102 nono the Protected (level 10, -6/92 HPs)
             Began as an Armataur Fighter on Oct 21, 2022.
             Was a Follower of the Shining One.
             Engulfed by a steam dragon's steam (7 damage)
             ... on level 8 of the Dungeon on Oct 22, 2022.
             The game lasted 00:19:22 (7103 turns).

nono the Protected (Armataur Fighter)               Turns: 7103, Time: 00:19:23

Health: -6/92      AC: 20    Str: 28    XL:     10   Next: 6%
Magic:  10/10      EV:  5    Int:  6    God:    the Shining One [*.....]
Gold:   378        SH: 11    Dex: 14    Spells: 9/9 levels left

rFire   x . .      SeeInvis .    n - +1 flail (protect)
rCold   . . .      Faith    .    t - +0 kite shield
rNeg    + . .      Spirit   .    w - +0 chain mail
rPois   .          Reflect  .    (no helmet)
rElec   +          Harm     .    A - +2 cloak
rCorr   .          Roll     +    (no gloves)
Will    .....                    (no barding)
Stlth   ..........               h - amulet of regeneration
HPRegen 1.15/turn                E - ring of positive energy
MPRegen 0.12/turn                Q - ring of flight

@: mighty, under a protective aura, flying, glowing
A: large, rugged brown scales 3, deformed body, armoured tail, roll, long
tongue, awkward tongue, agile 1, deterioration 1, electricity resistance, strong
1, heat vulnerability 1
a: Renounce Religion, Divine Shield


You were on level 8 of the Dungeon.
You worshipped the Shining One.
The Shining One was aware of your devotion.
You visited 2 branches of the dungeon, and saw 9 of its levels.

You collected 378 gold pieces.

Inventory:

Hand Weapons
 a - a +0 flail
 n - a +1 flail of protection (weapon)
 p - a +2 short sword of venom
 L - the +10 morningstar of Imbalance {pain, rC+ rN+ Str-4 Dex+3}
   (You found it on level 6 of the Dungeon)

   In the hands of one skilled in necromantic magic, it inflicts extra damage on
   living creatures.
   Str:       It affects your strength (-4).
   Dex:       It affects your dexterity (+3).
   rC:        It protects you from cold.
   rN:        It protects you from negative energy.
   The Shining One disapproves of the use of such an item.
Missiles
 P - 2 throwing nets (quivered)
Armour
 b - a +0 scale mail
 c - a +0 buckler
 o - a +0 plate armour
 t - a +0 kite shield (worn)
 w - a +0 chain mail (worn)
 y - a +0 cloak
 A - a +2 cloak (worn)
 H - a +0 tower shield
Jewellery
 h - an amulet of regeneration (around neck)
 s - a ring of fire
 E - a ring of positive energy (left hand)
 Q - a ring of flight (right hand)
 W - a ring of protection from cold
Wands
 x - a wand of flame (32)
 O - a wand of charming (10)
 U - a wand of roots (8)
Scrolls
 e - 4 scrolls of immolation {unknown}
 f - 3 scrolls of amnesia {unknown}
 g - 4 scrolls of identify
 l - 6 scrolls of teleportation {unknown}
 q - 3 scrolls of blinking {unknown}
 u - a scroll of vulnerability {unknown}
 v - a scroll of torment {unknown}
 B - 3 scrolls of noise
 D - a scroll of enchant armour {unknown}
 F - a scroll of fear {unknown}
 G - a scroll of enchant weapon {unknown}
 I - a scroll of silence {unknown}
 J - a scroll of butterflies {unknown}
 N - a scroll of magic mapping {unknown}
 R - 2 scrolls of poison {unknown}
 S - a scroll of summoning {unknown}
Potions
 d - a potion of might
 i - a potion of haste {unknown}
 j - 2 potions of mutation
 k - a potion of brilliance {unknown}
 m - 4 potions of lignification
 r - 2 potions of cancellation {unknown}
 z - 2 potions of ambrosia {unknown}
 C - 3 potions of degeneration {unknown}
 K - 2 potions of heal wounds {unknown}
 M - a potion of invisibility
 T - a potion of resistance {unknown}
 V - 2 potions of flight {unknown}


   Skills:
 + Level 7.2 Fighting
 + Level 6.9 Maces & Flails
 + Level 9.5 Armour
 + Level 8.7 Shields


You had 9 spell levels left.
You didn't know any spells.
Your spell library contained the following spells:

 Spells                   Type           Power      Damage    Failure   Level
 Slow                     Hex            0%         N/A       99%         1
 Sublimation of Blood     Necr           0%         N/A       100%        2
 Wereblood                Tmut           0%         N/A       100%        2
 Confusing Touch          Hex            0%         N/A       100%        3
 Ignite Poison            Fire/Tmut/Pois 0%         N/A       100%        3
 Kindle Blastsparks       Fire/Tloc/Air  0%         2d10      100%        3
 Vampiric Draining        Necr           0%         2d6       100%        3
 Freezing Cloud           Conj/Ice/Air   0%         6-21      100%        5
 Summon Hydra             Summ           0%         N/A       100%        7


Dungeon Overview and Level Annotations

Branches:
Dungeon (8/15)             Temple (1/1) D:5
   Lair: D:8-11

Altars:
Ashenzari
Cheibriados
Dithmenos
Elyvilon
Fedhas
Gozag
Hepliaklqana
Kikubaaqudgha
Makhleb
Nemelex Xobeh
Okawaru
Qazlal
Ru
Sif Muna
Uskayaw
Vehumet
Wu Jian
Xom
Yredelemnul
Zin
The Shining One

Annotations:
D:4 1 transporter, Verendum's ghost, amateur OpCK


Innate Abilities, Weirdness & Mutations

You are completely covered in rugged brown scales. (AC +3, +7% HP)
Armour fits poorly on your strangely shaped body.
You have a long armoured tail.
You roll when moving toward enemies. (Rampage)
Your long tongue fully drains potion bottles. (2x potion effects)
Your tongue gives you trouble enunciating. (1.5x scroll delay)
You are agile. (Dex +4, Str/Int -1)
Your body sometimes deteriorates upon taking damage.
You are resistant to electric shocks. (rElec)
Your muscles are strong. (Str +4, Int/Dex -1)
You are vulnerable to heat. (rF-)


Message History

The bolt of electricity hits you!
The electric eel shoots out a bolt of lightning at you!
The bolt of electricity hits you! You block the steam dragon's attack.
The steam dragon claws you but does no damage.
You sock the electric eel!
Your weapon exudes an aura of protection.
You kill the electric eel!
You hear a splash.
The electric eel shoots out a bolt of lightning at you!
The bolt of electricity hits you!
* * * LOW HITPOINT WARNING * * *
The steam dragon bites you but does no damage.
The steam dragon barely misses you.
You barely miss the electric eel.
The steam dragon bites you but does no damage.
The steam dragon claws you but does no damage.
You hit the electric eel.
The electric eel is moderately wounded.
The steam dragon breathes steam at you. The ball of steam hits you!
* * * LOW HITPOINT WARNING * * *
You barely miss the electric eel.
The electric eel is moderately wounded.
You are engulfed in a cloud of scalding steam.
* * * LOW HITPOINT WARNING * * *
The electric eel shoots out a bolt of lightning at you!
The bolt of electricity hits you!
* * * LOW HITPOINT WARNING * * *
The steam dragon bites you but does no damage.
The steam dragon claws you but does no damage.
The electric eel shoots out a bolt of lightning at you!
The bolt of electricity hits you.
* * * LOW HITPOINT WARNING * * *
The steam dragon barely misses you. You block the steam dragon's attack.
You slurp down every last drop of the 3 blue potions!
It was a potion of mutation.
You feel extremely strange.
You feel yourself wasting away.
You feel agile.
You feel vulnerable to heat.
You feel insulated.
You feel stronger.
You are engulfed in a cloud of scalding steam.
You die...

#....#....~~.~~.~..~.~~~.
..........~≈≈≈≈≈.≈≈≈≈≈.≈≈
..........~≈♣♣♣≈.≈♣♣♣≈~≈
..........~≈♣ ♣≈§≈♣ ~≈
.....#....~≈♣♣♣≈§≈♣♣♣≈.≈
....###...~≈≈≈≈≈§≈≈≈≈≈~≈≈
.....#..........~~...~.~.
.......[...≈≈≈≈≈§≈≈≈≈≈.≈≈
#..........≈♣♣♣≈@≈♣♣♣≈~≈♣
#.........~≈♣ ♣≈DS♣ ≈~≈♣
.......#..~≈♣♣♣≈~≈♣ ~≈♣
......##...≈≈≈≈≈.≈≈ ≈≈
.......#..~~.~~.~~..
......###..≈≈≈≈≈.≈≈≈≈
.....## #.~≈♣♣♣≈~≈♣♣♣≈
.....####..≈♣ ♣≈~≈♣ ≈~
..(..##....≈♣♣♣


You could see a steam dragon (catching breath) and an electric eel.

Vanquished Creatures
  Psyche (D:8)
  Sigmund (D:5)
  A wyvern (D:8)
  Eustachio (D:6)
  Edmund (D:5)
  2 water moccasins (D:5)
  Duvessa (D:6)
  An ice beast (D:6)
  A sky beast (D:7)
  A centaur (D:7)
  An ogre (D:5)
  2 phantoms (D:5)
  A gnoll sergeant (D:5)
  7 scorpions
  4 bullfrogs
  4 necrophages
  9 wights
  Dowan (D:6)
  2 howler monkeys
  2 electric eels (D:8)
  Crazy Yiuf (D:3)
  2 hounds (D:5)
  2 jellies
  2 orc priests
  4 iguanas
  2 orc wizards
  19 gnolls
  17 adders
  2 shadow imps
  3 white imps
  A worm (D:2)
  3 dart slugs
  20 orcs
  6 ball pythons
  3 bats
  11 endoplasms
  4 giant cockroaches
  5 hobgoblins
  5 quokkas
  7 frilled lizards
  10 goblins
  4 kobolds
  A rat (D:3)
178 creatures vanquished.

Notes
Turn   | Place    | Note
-------+----------+-------------------------------------------
     0 | D:1      | nono the Armataur Fighter began the quest for the Orb.
     0 | D:1      | Reached XP level 1. HP: 19/19 MP: 1/1
   254 | D:1      | Reached XP level 2. HP: 26/26 MP: 2/2
   598 | D:1      | Reached skill level 4 in Armour
   971 | D:2      | Reached XP level 3. HP: 33/33 MP: 3/3
  1047 | D:2      | Found a blossoming altar of Fedhas.
  1437 | D:2      | Reached XP level 4. HP: 40/40 MP: 4/4
  2094 | D:3      | Reached XP level 5. HP: 46/48 MP: 5/5
  2528 | D:3      | Found a white marble altar of Elyvilon.
  2607 | D:3      | Reached skill level 5 in Armour
  2671 | D:3      | Found a runed translucent door.
  2672 | D:3      | Noticed Crazy Yiuf
  2680 | D:3      | Killed Crazy Yiuf
  3102 | D:4      | Noticed an ogre
  3103 | D:4      | Identified the +0 dire flail of Vetammo {vorpal, +Blink
                  | Will+ rCorr Str+4}
  3103 | D:4      | Noticed an ogre
  3104 | D:4      | Noticed Verendum's ghost (amateur OpCK)
  3108 | D:4      | Found a transporter.
  3142 | D:4      | Reached XP level 6. HP: 55/55 MP: 6/6
  3207 | D:4      | Found an iron altar of Okawaru.
  3399 | D:4      | Reached skill level 5 in Shields
  3782 | D:5      | Entered Level 5 of the Dungeon
  3938 | D:5      | Reached XP level 7. HP: 62/63 MP: 7/7
  3964 | D:5      | Reached skill level 6 in Armour
  4189 | D:5      | Found an ornate altar of the Wu Jian Council.
  4243 | D:5      | Reached skill level 5 in Fighting
  4243 | D:5      | Reached XP level 8. HP: 56/72 MP: 8/8
  4331 | D:5      | Found a staircase to the Ecumenical Temple.
  4333 | D:5      | Noticed Sigmund
  4344 | D:5      | Killed Sigmund
  4345 | D:5      | Reached skill level 7 in Armour
  4416 | Temple   | Entered the Ecumenical Temple
  4616 | D:5      | HP: 3/72 [poisoned by a gnoll sergeant]
  4621 | D:5      | HP: 2/72 [poisoned by a gnoll sergeant]
  4706 | D:5      | Reached skill level 5 in Maces & Flails
  5182 | D:6      | Noticed Edmund
  5243 | D:5      | Killed Edmund
  5368 | D:6      | Identified the +10 morningstar of Imbalance {pain, rC+ rN+
                  | Str-4 Dex+3}
  5371 | D:6      | Noticed Duvessa
  5388 | D:6      | Killed Duvessa
  5389 | D:6      | Reached skill level 8 in Armour
  5389 | D:6      | Reached XP level 9. HP: 47/80 MP: 9/9
  5391 | D:6      | Noticed Dowan
  5403 | D:6      | Killed Dowan
  5487 | D:6      | Noticed Eustachio
  5501 | D:6      | Killed Eustachio
  6154 | D:7      | Found a glowing golden altar of the Shining One.
  6156 | D:7      | Found a hide-covered altar of Uskayaw.
  6156 | D:7      | Found a glowing silver altar of Zin.
  6157 | D:7      | Found a radiant altar of Vehumet.
  6158 | D:7      | Found a broken altar of Ashenzari.
  6164 | D:7      | Became a worshipper of the Shining One
  6225 | D:7      | Found a blossoming altar of Fedhas.
  6563 | D:8      | Reached skill level 9 in Armour
  6575 | D:8      | Noticed Psyche
  6670 | D:8      | Reached * piety under the Shining One
  6872 | D:8      | Found a sacrificial altar of Ru.
  6915 | D:8      | Killed Psyche
  6916 | D:8      | Reached XP level 10. HP: 86/92 MP: 10/10
  7102 | D:8      | HP: 1/92 [electric eel/bolt of electricity (5)]
  7103 | D:8      | Gained mutation: Your body sometimes deteriorates upon
                  | taking damage. [potion of mutation]
  7103 | D:8      | Gained mutation: You are agile. (Dex +4, Str/Int -1)
                  | [potion of mutation]
  7103 | D:8      | Gained mutation: You are vulnerable to heat. (rF-) [potion
                  | of mutation]
  7103 | D:8      | Gained mutation: You are resistant to electric shocks.
                  | (rElec) [potion of mutation]
  7103 | D:8      | Gained mutation: Your muscles are strong. (Str +4, Int/Dex
                  | -1) [potion of mutation]
  7103 | D:8      | Engulfed by a steam dragon's steam

Illustrated notes

Levels and vault maps discovered:
D:1:      wander_arrival_desolate, layout_loops_corners, minmay_fountain_box
D:2:      layout_basic, basic_altar
D:3:      layout_basic, elyvilon_altar_3, uniq_crazy_yiuf_cottage
D:4:      layout_basic, lemuel_doored_altar, gammafunk_ghost_smash
D:5:      layout_cave_pods, mainiacjoe_overflow_catwalk,
          minmay_temple_entry_statues_fountains, uniq_sigmund
D:6:      minmay_diamond_boxcup, layout_basic, uniq_eustachio, uniq_duvessa,
          uniq_edmund
D:7:      layout_cave_pools, fedhas_altar_2, grunt_temple_overflow_open
D:8:      layout_cave_pools, nicolae_ru_path_of_blood, kennysheep_boxes,
          uniq_psyche
Temple:   nicolae_temple_bog_church

Skill      XL: |  1  2  3  4  5  6  7  8  9 |
---------------+----------------------------+-----
Maces & Flails | 2 3 4 5 6 |  6.9
Armour         | 4 5 6 8 9 |  9.5
Fighting       | 3 4 5 6 7 |  7.2
Shields        | 4 5 6 7 8 |  8.7

Action                   |  1- 3 |  4- 6 |  7- 9 | 10-12 || total
-------------------------+-------+-------+-------+-------++-------
Melee: Flail             |   104 |    19 |   169 |    24 ||   316
       Tailslap          |     5 |    25 |    48 |     4 ||    82
       Short sword       |       |   185 |   140 |       ||   325
       Morningstar       |       |       |    48 |       ||    48
  Use: Potion            |       |       |     1 |     2 ||     3
       Scroll            |       |       |       |     1 ||     1
Armor: Scale mail        |    59 |    56 |       |       ||   115
       Chain mail        |       |    43 |   195 |    23 ||   261
       Skin              |       |       |     2 |       ||     2
Dodge: Dodged            |    38 |    44 |    81 |     5 ||   168
Block: Buckler           |    15 |    23 |       |       ||    38
       Kite shield       |       |    46 |   190 |    12 ||   248

Table legend: (Time is in decaauts)
 A = Elapsed time spent in this place.
 B = Non-inter-level travel time spent in this place.
 C = Inter-level travel time spent in this place.
 D = Time resting spent in this place.
 E = Time spent auto-exploring this place.
 F = Levels seen in this place.
 G = Mean time per level.
                   A        B        C        D        E       F      G
               +--------+--------+--------+--------+--------+-----+--------+
         Total |   7236 |   6918 |    318 |     47 |   5054 |   9 |  804.0 |
       Dungeon |   7055 |   6775 |    280 |     47 |   4916 |   8 |  881.9 |
        Temple |    181 |    143 |     38 |      0 |    138 |   1 |  181.0 |
               +--------+--------+--------+--------+--------+-----+--------+

Top non-repeatable levels by time:
     D:5: 1369 daAuts
     D:3: 1087 daAuts
     D:2: 1059 daAuts
     D:1: 965 daAuts
     D:6: 806 daAuts
     D:4: 721 daAuts
     D:7: 605 daAuts
     D:8: 439 daAuts
  Temple: 181 daAuts
